 Dungeon Crawl Stone Soup version 0.26-a0-690-gcb57259078 (webtiles) character file.

Game seed: 13709851103774382926

62393 mandarbmax the Marksminotaur (level 14, -9/126 HPs)
             Began as a Minotaur Hunter on Oct 24, 2020.
             Was a High Priest of Okawaru.
             Mangled by an orc warrior
             ... wielding a +0 trident
              (15 damage)
             ... on level 2 of the Orcish Mines.
             The game lasted 00:43:15 (24141 turns).

mandarbmax the Marksminotaur (Minotaur Hunter)     Turns: 24141, Time: 00:43:15

Health: -9/126     AC: 26    Str: 27    XL:     14   Next: 64%
Magic:  15/20      EV: 15    Int:  8    God:    Okawaru [*****.]
Gold:   2417       SH:  5    Dex: 12    Spells: 13/13 levels left

rFire    . . .     SeeInvis .   V - +2 longbow (vorpal)
rCold    . . .     Faith    .   (shield currently unavailable)
rNeg     . . .     Spirit   .   b - +0 storm dragon scales
rPois    .         Reflect  +   (helmet restricted)
rElec    +         Harm     .   J - +1 cloak
rCorr    .         Rampage  .   z - +1 pair of gloves (curse)
MR       +....                  (no boots)
Stlth    ..........             t - amulet of reflection
HPRegen  0.31/turn              C - +4 ring of protection
MPRegen  0.17/turn              c - +6 ring of strength

@: about to teleport, heroism, finesse
A: retaliatory headbutt, horns 2
a: Heroism, Finesse, Renounce Religion


You were on level 2 of the Orcish Mines.
You worshipped Okawaru.
Okawaru was extremely pleased with you.
You visited 3 branches of the dungeon, and saw 19 of its levels.

You collected 2417 gold pieces.

Inventory:

Hand Weapons
 R - a +3 shortbow of flaming
 V - a +2 vorpal longbow (weapon)
Missiles
 d - 304 arrows (quivered)
 f - 2 throwing nets
 i - 13 atropa-tipped darts
 E - 41 poisoned darts
Armour
 b - +0 storm dragon scales (worn)
 z - a cursed +1 pair of gloves (worn)
 J - a +1 cloak (worn)
Jewellery
 c - a +6 ring of strength (right hand)
 o - a +4 ring of protection
 t - an amulet of reflection (around neck)
 u - an uncursed ring of flight
 C - a +4 ring of protection (left hand)
 F - an uncursed ring of see invisible
 K - an uncursed amulet of guardian spirit
 P - an uncursed amulet of regeneration {unknown}
Wands
 p - a wand of enslavement (7)
 v - a wand of acid (6)
 y - a wand of digging (3)
 A - a wand of disintegration (24)
 B - a wand of flame (22)
Scrolls
 g - 11 scrolls of remove curse
 l - 4 scrolls of immolation
 m - 2 scrolls of vulnerability
 n - 2 scrolls of fear
 s - a scroll of teleportation
 G - 2 scrolls of silence
 T - a scroll of amnesia
 W - a scroll of enchant weapon
 X - a scroll of summoning
 Y - a scroll of blinking
Potions
 e - a potion of brilliance {unknown}
 h - 4 potions of invisibility
 j - 3 potions of stabbing
 k - 8 potions of heal wounds
 x - a potion of flight
 H - 5 potions of curing
 M - a potion of might
 N - a potion of cancellation
 Q - 2 potions of ambrosia
 S - a potion of lignification {unknown}
 U - a potion of haste {unknown}
 Z - a potion of berserk rage
Miscellaneous
 O - a box of beasts (3/3)


   Skills:
 * Level 12.0(17.0) Fighting
 - Level 20.0(25.0) Bows
 * Level 10.3(15.3) Armour
 + Level 6.9(11.9) Dodging
 - Level 0.7(5.7) Stealth
 - Level 10.0 Invocations


You had 13 spell levels left.
You didn't know any spells.
Your spell library contained the following spells:

 Spells                   Type           Power        Failure   Level
 Beastly Appendage        Tmut           #.....       83%         1
 Corona                   Hex            #......      83%         1
 Foxfire                  Conj/Fire      #...         83%         1
 Magic Dart               Conj           #...         83%         1
 Sting                    Tmut/Pois      #...         83%         1
 Searing Ray              Conj           #.....       93%         2
 Slow                     Hex            #.......     93%         2
 Wereblood                Tmut           #.......     93%         2
 Call Canine Familiar     Summ           #.......     99%         3
 Confusing Touch          Hex            #.......     99%         3
 Dazzling Flash           Conj/Hex       #.....       99%         3
 Gell's Gravitas          Tloc           #.........   99%         3
 Ignite Poison            Fire/Tmut/Pois #.......     99%         3
 Inner Flame              Hex/Fire       #.......     99%         3
 Ozocubu's Armour         Ice            #.......     99%         3
 Portal Projectile        Hex/Tloc       #.....       99%         3
 Spider Form              Tmut/Pois      #.........   99%         3
 Teleport Other           Tloc           #.......     99%         3
 Tukima's Dance           Hex            #.......     99%         3
 Cause Fear               Hex            #.........   100%        4
 Fulminant Prism          Conj/Hex       #.........   100%        4
 Ice Form                 Ice/Tmut       #.......     100%        4
 Iskenderun's Mystic Bla  Conj/Tloc      #.......     100%        4
 Leda's Liquefaction      Hex/Erth       #.........   100%        4
 Petrify                  Tmut/Erth      #.......     100%        4
 Alistair's Intoxication  Tmut/Pois      #........    100%        5
 Blade Hands              Tmut           #.........   100%        5
 Bolt of Magma            Conj/Fire/Erth #.........   100%        5
 Iskenderun's Battlesphe  Conj           #.......     100%        5
 Metabolic Englaciation   Hex/Ice        #.........   100%        5
 Yara's Violent Unravell  Hex/Tmut       #.........   100%        5
 Eringya's Noxious Bog    Tmut/Pois      #.........   100%        6
 Iron Shot                Conj/Erth      #.........   100%        6
 Orb of Destruction       Conj           #.........   100%        7
 Spellforged Servitor     Conj/Summ      #.........   100%        7


Dungeon Overview and Level Annotations

Branches:
Dungeon (11/15)            Temple (0/1) D:5            Lair (6/6) D:9
  Swamp (0/4) Lair:4        Snake (0/4) Lair:3        Slime (0/5) Lair:5
    Orc (2/2) D:9             Elf (0/3) Orc:2

Altars:
Ashenzari
Cheibriados
Elyvilon
Gozag
Kikubaaqudgha
Nemelex Xobeh
Okawaru
Qazlal
Ru
Trog
Uskayaw
Vehumet
Wu Jian
The Shining One
Beogh
Jiyva

Shops:
D:6 (   Orc:1 (   Orc:2 [


Innate Abilities, Weirdness & Mutations

You reflexively headbutt those who attack you in melee.
You have a pair of horns on your head.


Message History

An orc comes into view. It is wielding a +0 trident.
The orc hits you but does no damage.
The sixfirhy hits you but does no damage.
The orc sorcerer casts a spell.
You can move again.
An orc warrior comes into view. It is wielding a +0 hand axe.
Unknown command.
Unknown command.
As you read the scroll of teleportation, it crumbles to dust.
You feel strangely unstable.
The orc warrior no longer looks unusually strong.
The orc priest no longer looks unusually strong.
The orc warrior no longer looks unusually strong.
The orc warrior hits you with a +0 vorpal battleaxe!
* * * LOW HITPOINT WARNING * * *
x2 The orc warrior hits you with a cursed -3 long sword!
* * * LOW HITPOINT WARNING * * *
The orc priest begins to cast a cantrip, but forgets the words!
The orc warrior hits you from afar with a +0 trident!
You die... #..# #..# ..(.o... ...# (ooo[..

...############)()..###
......##.##... )4(..(.
.....##......##(o..3#
.#....##....#.(#oo.#
...)...........3oo#
.#)).....(.....o@##
#...).).##.....o..###
.......#............##
....)...........#....#
..))............###.##
>.......##.......####
..............#..##
........#..#......#
..............##.##


You could see an orc high priest, a sun demon (summoned), a sixfirhy (summoned),
an orc sorcerer (strong), a red devil (summoned), 5 orc warriors, an orc priest
and 3 orcs.

Vanquished Creatures
  2 orc warlords
  Snorg (Lair:5)
  A fire dragon (Lair:6)
  3 boulder beetles
  Fannar (Lair:3)
  6 hydras
  A two-headed ogre (D:10)
  A queen ant (D:8)
  2 orc high priests (Orc:2)
  A swamp dragon (Lair:6)
  2 orc knights (Orc:1)
  5 oklob plants (Lair:4)
  An ugly thing (D:11)
  2 orc sorcerers
  A cyclops (Orc:1)
  5 black mambas
  11 cane toads
  6 elephants (Lair:6)
  A centaur skeleton (D:11)
  A gargoyle (D:10)
  2 torpor snails
  13 komodo dragons
  A demonic crawler (D:10)
  7 rime drakes
  11 polar bears (Lair:6)
  5 trolls
  2 hornets (D:9)
  Prince Ribbit (D:8)
  15 blink frogs
  2 raiju (Lair:6)
  A wraith (D:10)
  6 wyverns
  36 yaks
  3 basilisks
  2 steam dragons
  9 wargs
  Menkaure (D:7)
  8 soldier ants (D:8)
  2 swamp worms (D:10)
  An acid dragon (Lair:6)
  11 water moccasins
  13 hell hounds (Lair:6)
  2 swamp drakes (Lair:6)
  23 orc warriors
  3 sky beasts
  12 black bears
  3 ice beasts
  2 phantoms
  30 wolves
  4 ogres
  3 centaurs
  13 bullfrogs
  4 big kobolds
  A water moccasin zombie (D:5)
  3 scorpions
  4 electric eels
  26 wights
  A howler monkey (D:9)
  A crimson imp (D:6)
  A centaur zombie (D:10)
  2 bullfrog zombies
  4 hounds
  2 quasits
  21 orc priests
  2 jellies
  A bullfrog skeleton (D:10)
  12 orc wizards
  6 iguanas
  25 worker ants
  A howler monkey zombie (D:7)
  3 worker ant zombies
  9 adders
  A shadow imp (D:8)
  6 white imps
  4 ufetubi
  2 adder zombies
  An adder skeleton (D:6)
  4 worms
  6 leopard geckos
  74 orcs
  6 bats
  10 goblins
  10 hobgoblins
  15 jackals
  4 quokkas
  2 ball pythons
  6 frilled lizards
  A jackal skeleton (D:5)
  26 kobolds
  5 rats
613 creatures vanquished.

Vanquished Creatures (others)
  19 fungi
  83 plants
  A withered plant (D:2)
103 creatures vanquished.

Grand Total: 716 creatures vanquished

Notes
Turn   | Place    | Note
-------+----------+-------------------------------------------
     0 | D:1      | mandarbmax the Minotaur Hunter began the quest for the Orb.
     0 | D:1      | Reached XP level 1. HP: 18/18 MP: 0/0
   191 | D:1      | Reached XP level 2. HP: 20/25 MP: 1/1
   296 | D:1      | Reached skill level 5 in Bows
  1064 | D:2      | Found an opulent altar of Gozag.
  1134 | D:2      | Reached XP level 3. HP: 27/30 MP: 2/2
  1776 | D:2      | Found an ornate altar of the Wu Jian Council.
  1789 | D:2      | Reached skill level 6 in Bows
  1812 | D:2      | Found an ancient bone altar of Kikubaaqudgha.
  1997 | D:2      | Found a bloodstained altar of Trog.
  2160 | D:3      | Reached XP level 4. HP: 37/37 MP: 3/3
  2297 | D:3      | Found a faded altar of an unknown god.
  2422 | D:3      | Found a stormy altar of Qazlal.
  3020 | D:3      | Found a white marble altar of Elyvilon.
  3060 | D:3      | Reached XP level 5. HP: 46/46 MP: 4/4
  3463 | D:4      | Found an iron altar of Okawaru.
  3499 | D:4      | Reached skill level 7 in Bows
  3510 | D:4      | Reached XP level 6. HP: 19/52 MP: 5/5
  3723 | D:4      | Became a worshipper of Warmaster Okawaru
  4181 | D:5      | Entered Level 5 of the Dungeon
  4291 | D:5      | Found a sparkling altar of Nemelex Xobeh.
  4322 | D:5      | Found a staircase to the Ecumenical Temple.
  4484 | D:5      | Found a sacrificial altar of Ru.
  4607 | D:5      | Reached skill level 8 in Bows
  4928 | D:6      | Noticed an ice beast
  4931 | D:6      | Reached XP level 7. HP: 59/59 MP: 6/6
  4935 | D:6      | Reached skill level 9 in Bows
  4938 | D:6      | Reached * piety under Okawaru
  4985 | D:6      | Found Jioskito's Antique Weapon Emporium.
  5106 | D:6      | Reached skill level 10 in Bows
  5532 | D:6      | Reached XP level 8. HP: 66/66 MP: 7/7
  6126 | D:7      | Reached skill level 11 in Bows
  6146 | D:7      | Reached skill level 1 in Armour
  6277 | D:7      | Found a snail-covered altar of Cheibriados.
  6317 | D:7      | Reached ** piety under Okawaru
  6516 | D:7      | Reached skill level 5 in Fighting
  6607 | D:7      | Noticed Menkaure
  6613 | D:7      | Killed Menkaure
  7375 | D:8      | Reached XP level 9. HP: 78/78 MP: 8/8
  7390 | D:8      | Found a glowing golden altar of the Shining One.
  7401 | D:8      | Noticed Prince Ribbit
  7455 | D:8      | Reached skill level 5 in Armour
  7476 | D:8      | Reached *** piety under Okawaru
  7789 | D:8      | Noticed a queen ant
  7812 | D:8      | Killed a queen ant
  7812 | D:8      | Reached skill level 5 in Dodging
  7870 | D:8      | Reached **** piety under Okawaru
  7870 | D:8      | Reached XP level 10. HP: 41/91 MP: 9/9
  8357 | D:8      | Found a hide-covered altar of Uskayaw.
  8689 | D:8      | Killed Prince Ribbit
  8708 | D:8      | Received a gift from Okawaru
  8716 | D:8      | Reached skill level 10 in Fighting
  9333 | D:8      | Reached skill level 1 in Invocations
  9678 | D:9      | Found a staircase to the Lair.
  9790 | D:9      | Reached skill level 5 in Invocations
 10078 | D:9      | Received a gift from Okawaru
 10396 | D:9      | Found a staircase to the Orcish Mines.
 10651 | D:9      | Paralysed by a hornet for 3 turns
 11348 | D:9      | Reached XP level 11. HP: 102/102 MP: 13/13
 11367 | D:9      | Found a broken altar of Ashenzari.
 11882 | D:10     | Entered Level 10 of the Dungeon
 11890 | D:10     | Reached ***** piety under Okawaru
 11947 | D:10     | Reached skill level 12 in Bows
 12133 | D:10     | Noticed a two-headed ogre
 12137 | D:10     | Killed a two-headed ogre
 12277 | D:10     | Received a gift from Okawaru
 12277 | D:10     | Reached skill level 13 in Bows
 13032 | D:11     | Received a gift from Okawaru
 13071 | D:11     | Noticed a boulder beetle
 13083 | D:11     | Killed a boulder beetle
 13083 | D:11     | Reached skill level 14 in Bows
 13196 | D:11     | Noticed a purple ugly thing
 13205 | D:11     | Killed a purple ugly thing
 13561 | D:11     | Received a gift from Okawaru
 14053 | Lair:1   | Entered Level 1 of the Lair of Beasts
 14121 | Lair:1   | Received a gift from Okawaru
 14431 | Lair:1   | Reached skill level 15 in Bows
 14449 | Lair:1   | Reached XP level 12. HP: 110/110 MP: 14/14
 14452 | Lair:1   | Received a gift from Okawaru
 14744 | Lair:1   | Received a gift from Okawaru
 15180 | Lair:1   | Noticed a seven-headed hydra
 15187 | Lair:1   | Killed a seven-headed hydra
 15684 | Lair:2   | Received a gift from Okawaru
 15736 | Lair:2   | Reached skill level 16 in Bows
 16618 | Lair:3   | You fall into a shaft and drop 1 floor!
 16636 | Lair:4   | Received a gift from Okawaru
 16943 | Lair:4   | Received a gift from Okawaru
 17144 | Lair:4   | Found a staircase to the Swamp.
 17375 | Lair:4   | Reached skill level 17 in Bows
 17408 | Lair:4   | Reached ****** piety under Okawaru
 17421 | Lair:4   | Reached XP level 13. HP: 103/116 MP: 18/18
 17619 | Lair:4   | Received a gift from Okawaru
 18004 | Lair:3   | Found a staircase to the Snake Pit.
 18451 | Lair:3   | Received a gift from Okawaru
 18563 | Lair:3   | Noticed Fannar
 18575 | Lair:3   | Killed Fannar
 18677 | Lair:3   | Received a gift from Okawaru
 19433 | Lair:5   | Identified Mudd's Spellweaving Continued
 19779 | Lair:5   | Received a gift from Okawaru
 19966 | Lair:5   | Noticed Snorg
 19979 | Lair:5   | Killed Snorg
 19979 | Lair:5   | Reached skill level 10 in Invocations
 20059 | Lair:5   | Found a viscous altar of Jiyva.
 20059 | Lair:5   | Found a staircase to the Slime Pits.
 20464 | Lair:6   | Entered Level 6 of the Lair of Beasts
 20473 | Lair:6   | Reached skill level 18 in Bows
 20852 | Lair:6   | Received a gift from Okawaru
 20873 | Lair:6   | Received a gift from Okawaru
 20874 | Lair:6   | Found the +18 shield of the Gong {rElec rN+ MR+ EV-5}
 20894 | Lair:6   | Reached skill level 19 in Bows
 21383 | Lair:6   | Identified the Catalogue of the Vitriolic Blaze
 21468 | Lair:6   | Reached XP level 14. HP: 104/124 MP: 20/20
 22243 | Lair:6   | Reached skill level 20 in Bows
 22874 | Orc:1    | Entered Level 1 of the Orcish Mines
 22912 | Orc:1    | Found Lugronid's Antique Weapon Shop.
 23166 | Orc:1    | Received a gift from Okawaru
 23221 | Orc:1    | Noticed an orc warlord
 23241 | Orc:1    | Killed an orc warlord
 23555 | Orc:2    | Entered Level 2 of the Orcish Mines
 23591 | Orc:2    | Found a radiant altar of Vehumet.
 23678 | Orc:2    | Found Dunief's Antique Armour Emporium.
 23766 | Orc:2    | Found a roughly hewn altar of Beogh.
 23787 | Orc:2    | Found a staircase to the Elven Halls.
 24092 | Orc:2    | Reached skill level 10 in Armour
 24104 | Orc:2    | Noticed an orc warlord
 24127 | Orc:2    | Killed an orc warlord
 24137 | Orc:2    | Paralysed by an orc sorcerer for 3 turns
 24141 | Orc:2    | HP: 6/126 [orc warrior/cursed -3 long sword (9)]
 24141 | Orc:2    | Mangled by an orc warrior

Illustrated notes

Levels and vault maps discovered:
D:1:      psy_arrival_radial01, layout_rooms, st_stairs_3
D:2:      layout_basic, marbit_many_paths, nicolae_overflow_crystal_walls,
          nicolae_overflow_hidden_temple, kiku_gazebo_garden_becter
D:3:      layout_loops_corners, old_standard_altar, lemuel_doored_altar,
          chequers_ecumenical_altar_simple
D:4:      layout_basic, okawaru_gym_becter
D:5:      layout_basic, nemelex_xobeh_ov_fountains_minmay, hangedman_ru_absence,
          minmay_temple_entry_arrows
D:6:      layout_cave_pods, serial_shops, shop_statue,
          chequers_serial_rivers_micro_e, minmay_fire_ice_demons
D:7:      layout_cave_pods, cheibriados_altar_1, minmay_misc_feat_five,
          uniq_menkaure
D:8:      layout_layer_cave, nicolae_tso_carved_into_rock,
          eat_drink_and_be_merry_uskayaw, zaba_antful_of_joy,
          uniq_prince_ribbit1
D:9:      layout_layer_cave, evilmike_ruin_ashenzari, minmay_lair_entry_grove,
          erik_orc_3
D:10:     layout_stronghold, minmay_misc_feat_doors, worms_lemuel
D:11:     layout_long_grid
Lair:1:   cheibrodos_lair_river_kwai, layout_gridlike, serial_bayou_lagoon_a
Lair:2:   layout_long_grid
Lair:3:   layout_gridlike, dummy_snake_entry, lemuel_fruit_fields,
          serial_bayou_shore_a, uniq_fannar
Lair:4:   minmay_lair_oklob_tunnel, layout_hall_layers, swamp_mist_pool,
          lemuel_fruit_fields
Lair:5:   layout_roguey, slime_altar_1, uniq_snorg
Lair:6:   guppyfry_lair_end_dragon, layout_regular_city,
          hangedman_lair_caniforms_friends, grunt_forest_small_clearings,
          serial_bayou_ford_a, chequers_serial_rivers_room_a, wad_woods_road_05
Orc:1:    layout_caves, serial_shops, nicolae_shop_overgrown_old_shop,
          statue_in_the_mist_lemuel
Orc:2:    st_orc_congregation, layout_caves, serial_shops, shop_fountains,
          basic_altar, nicolae_orc_lost_temple

Skill      XL: |  1  2  3  4  5  6  7  8  9 10 11 12 13 14 |
---------------+-------------------------------------------+-----
Bows           | 5 6 7 8 10 11 15 17 19 20 | 20.0
Fighting       | 4 6 9 11 12 | 12.0
Armour         | 4 8 9 10 | 10.3
Dodging        | 3 5 6 |  6.9
Invocations    | 5 8 10 | 10.0
Stealth        | |  0.7

Action                   |  1- 3 |  4- 6 |  7- 9 | 10-12 | 13-15 || total
-------------------------+-------+-------+-------+-------+-------++-------
Melee: Short sword       |    63 |       |       |       |       ||    63
       Spear             |    49 |   129 |   286 |   211 |       ||   675
       Headbutt          |    11 |    26 |    52 |    45 |       ||   134
 Fire: Shortbow          |     5 |     6 |       |       |    45 ||    56
       Longbow           |       |    34 |    78 |   612 |   743 ||  1467
Invok: Heroism           |       |       |     1 |     3 |     5 ||     9
       Finesse           |       |       |       |     1 |     5 ||     6
Evoke: Wand              |       |       |     3 |       |       ||     3
  Use: Potion            |       |     4 |     2 |     3 |       ||     9
       Scroll            |       |    12 |     8 |    10 |     8 ||    38
Armor: Leather armour    |    19 |       |       |       |       ||    19
       Scale mail        |    14 |    46 |   133 |   157 |    94 ||   444
       Storm dragon scal |       |       |       |       |    17 ||    17
Dodge: Dodged            |    65 |    54 |   142 |   284 |   116 ||   661
Block: Other             |       |    10 |    68 |    97 |    32 ||   207
       Reflection        |       |       |     1 |     4 |     2 ||     7

Table legend: (Time is in decaauts)
 A = Elapsed time spent in this place.
 B = Non-inter-level travel time spent in this place.
 C = Inter-level travel time spent in this place.
 D = Time resting spent in this place.
 E = Time spent auto-exploring this place.
 F = Levels seen in this place.
 G = Mean time per level.
                   A        B        C        D        E       F      G
               +--------+--------+--------+--------+--------+-----+--------+
         Total |  24050 |  22676 |   1374 |   3961 |  15078 |  19 | 1265.8 |
       Dungeon |  14437 |  13724 |    713 |   3054 |   8444 |  11 | 1312.5 |
          Lair |   8443 |   7808 |    635 |    907 |   5755 |   6 | 1407.2 |
  Orcish Mines |   1170 |   1145 |     25 |      0 |    879 |   2 |  585.0 |
               +--------+--------+--------+--------+--------+-----+--------+

Top non-repeatable levels by time:
     D:8: 2686 daAuts
     D:9: 2241 daAuts
  Lair:6: 2124 daAuts
  Lair:4: 1790 daAuts
  Lair:1: 1406 daAuts
     D:3: 1292 daAuts
     D:7: 1291 daAuts
     D:2: 1266 daAuts
  Lair:3: 1264 daAuts
  Lair:5: 1263 daAuts
     D:6: 1228 daAuts
    D:11: 1110 daAuts
    D:10: 1074 daAuts
     D:1: 876 daAuts
     D:4: 760 daAuts
